 Dungeon Crawl Stone Soup version 0.30.0-30-g96aa6591b8 (webtiles) character file.

Game seed: 4986341381384142653

39 GloriousHammer the Firebug (level 3, -3/19 HPs)
             Began as a Tengu Fire Elementalist on June 30, 2023.
             Slain by an iguana (11 damage)
             ... on level 3 of the Dungeon.
             The game lasted 00:03:53 (2604 turns).

GloriousHammer the Firebug (TeFE)                   Turns: 2604, Time: 00:03:54

Health: -3/19      AC:  2    Str:  8    XL:     3   Next: 47%
Magic:  0/7        EV: 12    Int: 17    God:
Gold:   103        SH:  0    Dex: 14    Spells: 1/7 levels left

rFire   . . .        r - +2 dagger (flame)
rCold   . . .        (no shield)
rNeg    . . .        a - +0 robe
rPois   .            (helmet restricted)
rElec   .            (no cloak)
rCorr   .            (no gloves)
SInv    .            (boots unavailable)
Will    .....        (no amulet)
Stlth   ++           (no ring)
HPRegen 0.23/turn    (no ring)
MPRegen 0.10/turn

%: no passive effects
@: no status effects
A: beak, talons 3
a: no special abilities


You were on level 3 of the Dungeon.
You visited 1 branch of the dungeon, and saw 3 of its levels.

You collected 103 gold pieces.

Inventory:

Hand Weapons
 n - a +0 falchion
 r - a +2 dagger of flaming (weapon)
Missiles
 c - 10 stones
 g - 2 silver boomerangs
 o - 2 boomerangs
Armour
 a - a +0 robe (worn)
Scrolls
 e - 2 scrolls of teleportation {unknown}
 f - a scroll of identify {unknown}
 i - a scroll of poison {unknown}
 k - a scroll of enchant weapon {unknown}
 p - a scroll of magic mapping {unknown}
 q - a scroll of torment {unknown}
Potions
 b - 2 potions of magic
 d - a potion of lignification {unknown}
 h - a potion of degeneration {unknown}
 j - a potion of brilliance {unknown}
 l - a potion of curing {unknown}
 m - a potion of might {unknown}
 s - a potion of flight {unknown}


   Skills:
 - Level 2.1 Dodging
 - Level 2.0 Stealth
 + Level 2.5 Spellcasting
 + Level 2.6 Conjurations
 + Level 0.1 Hexes
 + Level 3.8 Fire Magic


You had one spell level left.
You knew the following spells:

 Your Spells              Type           Power      Damage    Failure   Level
a - Foxfire               Conj/Fire      52%        2x1d6     4%          1
b - Scorch                Fire           30%        2d6       5%          2
c - Inner Flame           Hex/Fire       8%         N/A       24%         3

Your spell library contained the following spells:

 Spells                   Type           Power      Damage    Failure   Level
 Necrotise                Necr           8%         1d4       19%         1
 Volatile Blastmotes      Fire/Tloc      16%        2d11      24%         3
 Poisonous Vapours        Pois/Air       4%         N/A       28%         2
 Mephitic Cloud           Conj/Pois/Air  5%         N/A       36%         3
 Flame Wave               Conj/Fire      13%        2d6       43%         4
 Vampiric Draining        Necr           2%         2d6       50%         3
 Freezing Cloud           Conj/Ice/Air   2%         6-21      98%         5
 Agony                    Necr           2%         N/A       99%         5
 Yara's Violent Unravell  Hex/Tmut       1%         3d3       99%         5
 Enfeeble                 Hex            1%         N/A       100%        7


Dungeon Overview and Level Annotations

Branches:
Dungeon (3/15)

Altars:

Shops:
D:1 [


Innate Abilities, Weirdness & Mutations

You have a beak for a mouth.
You have claws for feet.


Message History

You open the door.
There is an open door here.
An endoplasm comes into view.
The endoplasm quivers.
An endoplasm is nearby!
You hit the endoplasm.
The endoplasm is moderately wounded.
The endoplasm completely misses you.
Casting: Foxfire (safe; 4% risk of failure)
Confirm with . or Enter, or press ? or * to list all spells.
You conjure some foxfire!
The endoplasm hits you.
Casting: Foxfire (safe; 4% risk of failure)
Confirm with . or Enter, or press ? or * to list all spells.
You conjure some foxfire!
The foxfire hits the endoplasm.
The endoplasm is almost dead.
The endoplasm hits you.
Your foxfire dissipates!
The foxfire hits the endoplasm.
You kill the endoplasm!
Your foxfire dissipates!
HP restored.
A giant cockroach comes into view.
You see here a scroll labelled YCO JO KEMIM.
A giant cockroach is nearby!
A giant cockroach is nearby!
Casting: Foxfire (safe; 4% risk of failure)
Confirm with . or Enter, or press ? or * to list all spells.
You conjure some foxfire!
Casting: Foxfire (safe; 4% risk of failure)
Confirm with . or Enter, or press ? or * to list all spells.
You conjure some foxfire!
The foxfire hits the giant cockroach but does no damage.
The foxfire hits the giant cockroach.
The giant cockroach is severely wounded.
Your foxfire dissipates! x2
The giant cockroach completely misses you.
Casting: Foxfire (safe; 4% risk of failure)
Confirm with . or Enter, or press ? or * to list all spells.
You conjure some foxfire!
The giant cockroach closely misses you. The giant cockroach bites you.
You hit the giant cockroach.
You kill the giant cockroach!
Your foxfire dissipates!
You see here a giant cockroach corpse.
Your foxfire dissipates!
q - a scroll labelled YCO JO KEMIM A kobold comes into view.
It is wielding a +2 dagger of flaming.
A kobold is nearby!
A kobold is nearby!
Casting: Foxfire (safe; 4% risk of failure)
Confirm with . or Enter, or press ? or * to list all spells.
You conjure some foxfire!
Casting: Foxfire (safe; 4% risk of failure)
Confirm with . or Enter, or press ? or * to list all spells.
You conjure some foxfire!
The foxfire hits the kobold.
The kobold is heavily wounded.
The kobold shouts!
The foxfire hits the kobold.
You kill the kobold!
Your foxfire dissipates!
Found a stone staircase leading down.
Things that are here:
a +2 dagger of flaming; a kobold corpse Your +2 dagger of flaming bursts into flame!
r - a +2 dagger of flaming (weapon)
You now have 96 gold pieces (gained 10).
You open the large door.
There is a large open door here.
There is a large open door here.
You open the door.
There is an open door here.
s - an inky potion You open the door.
An endoplasm comes into view.
An endoplasm is nearby!
An endoplasm comes into view.
There is an open door here.
Casting: Foxfire (safe; 4% risk of failure)
Confirm with . or Enter, or press ? or * to list all spells.
You can't see any susceptible monsters within range! (Use Z to cast anyway.)
Casting: Foxfire (safe; 4% risk of failure)
Confirm with . or Enter, or press ? or * to list all spells.
Flames lash the endoplasm.
The endoplasm is almost dead.
The endoplasm's fire resistance burns away.
The endoplasm quivers.
A worm comes into view.
Casting: Scorch (safe; 5% risk of failure)
Confirm with . or Enter, or press ? or * to list all spells.
You miscast Foxfire.
You are very lightly contaminated with residual magic.
Nothing appears to happen.
The endoplasm barely misses you.
You hit the endoplasm. You burn the endoplasm.
You kill the endoplasm!
Casting: Foxfire (safe; 4% risk of failure)
Confirm with . or Enter, or press ? or * to list all spells.
You conjure some foxfire!
Casting: Foxfire (safe; 4% risk of failure)
Confirm with . or Enter, or press ? or * to list all spells.
You conjure some foxfire!
The foxfire hits the endoplasm but does no damage. x2
Casting: Foxfire (safe; 4% risk of failure)
Confirm with . or Enter, or press ? or * to list all spells.
You conjure some foxfire!
The foxfire hits the endoplasm but does no damage.
The foxfire hits the endoplasm.
The endoplasm is moderately wounded.
The foxfire hits the endoplasm.
The endoplasm is heavily wounded.
Casting: Foxfire (safe; 4% risk of failure)
Confirm with . or Enter, or press ? or * to list all spells.
You don't have enough magic to cast this spell.
You hit the endoplasm. You burn the endoplasm.
You kill the endoplasm!
The foxfire hits the worm.
The worm is lightly wounded.
Casting: Foxfire (safe; 4% risk of failure)
Confirm with . or Enter, or press ? or * to list all spells.
You conjure some foxfire!
The foxfire hits the worm.
The worm is moderately wounded.
The foxfire hits the worm.
The worm is moderately wounded.
Your magical contamination has completely faded away.
There is an open door here.
You close the door.
You start resting.
Magic restored.
You start waiting.
Done waiting.
You start waiting.
Done waiting.
You now have 103 gold pieces (gained 7).
You pick up a book of Vapours and begin reading...
You add the spells Poisonous Vapours, Mephitic Cloud and Freezing Cloud to your library.
There is a stone staircase leading down here.
An iguana comes into view.
Casting: Foxfire (safe; 4% risk of failure)
Confirm with . or Enter, or press ? or * to list all spells.
You conjure some foxfire!
Casting: Foxfire (safe; 4% risk of failure)
Confirm with . or Enter, or press ? or * to list all spells.
You conjure some foxfire!
Casting: Foxfire (safe; 4% risk of failure)
Confirm with . or Enter, or press ? or * to list all spells.
You conjure some foxfire!
The foxfire hits the iguana.
The iguana is lightly wounded.
The foxfire hits the iguana but does no damage.
The iguana is lightly wounded.
Your foxfire dissipates!
Your foxfire dissipates!
The foxfire hits the iguana.
The iguana is lightly wounded.
The foxfire hits the iguana but does no damage.
The iguana is lightly wounded.
Casting: Foxfire (safe; 4% risk of failure)
Confirm with . or Enter, or press ? or * to list all spells.
You conjure some foxfire!
Casting: Foxfire (safe; 4% risk of failure)
Confirm with . or Enter, or press ? or * to list all spells.
You conjure some foxfire!
The foxfire hits the iguana but does no damage.
The iguana is lightly wounded.
The foxfire hits the iguana but does no damage.
The iguana is lightly wounded.
The foxfire hits the iguana.
The iguana is lightly wounded.
The foxfire hits the iguana.
The iguana is moderately wounded.
Casting: Foxfire (safe; 4% risk of failure)
Confirm with . or Enter, or press ? or * to list all spells.
You conjure some foxfire!
The foxfire hits the iguana.
The iguana is heavily wounded.
The foxfire hits the iguana.
The iguana is severely wounded.
Casting: Foxfire (safe; 4% risk of failure)
Confirm with . or Enter, or press ? or * to list all spells.
Flames lash the iguana.
The iguana is almost dead.
The iguana's fire resistance burns away.
The iguana is no longer more vulnerable to fire.
Casting: Scorch (safe; 5% risk of failure)
Confirm with . or Enter, or press ? or * to list all spells.
You don't have enough magic to cast this spell.
You barely miss the iguana. Your kick misses the iguana.
You peck the iguana, but do no damage.
The iguana is almost dead.
The iguana bites you!
Ouch! That really hurt!
You hit the iguana but do no damage. You claw the iguana, but do no damage.
You peck the iguana.
The iguana is almost dead.
The iguana barely misses you.
Unknown command.
Casting: Scorch (safe; 5% risk of failure)
Confirm with . or Enter, or press ? or * to list all spells.
You conjure some foxfire!
The iguana bites you!
Ouch! That really hurt!
You die...

#. ...# #.........# #. #.
...# #######.### #. #.####..
######.# #.
#.....#+#######......## ##
###..............†.....+ .
#......#.#######.####### K
#...####.........#
#.†################
#.>..........v@v..#
#.#############l#.##
#......##### #....#
######.....# ###..### #
#.....# #....## # #.....#
#.#...## # ########.....#
#.#....### #
.............######'#......#
#
#########....##............#
#


You could see an iguana (ally target).

Vanquished Creatures
  An adder (D:2)
  2 worms (D:2)
  An orc (D:3)
  3 ball pythons (D:1)
  4 endoplasms (D:3)
  A giant cockroach (D:3)
  2 hobgoblins
  2 kobolds
  3 bats
  A frilled lizard (D:3)
  3 rats
23 creatures vanquished.

Vanquished Creatures (others)
  100 foxfires
100 creatures vanquished.

Grand Total: 123 creatures vanquished

Notes
Turn   | Place    | Note
-------+----------+-------------------------------------------
     0 | D:1      | GloriousHammer the Tengu Fire Elementalist began the quest
                  | for the Orb.
     0 | D:1      | Reached XP level 1. HP: 10/10 MP: 4/4
   442 | D:1      | Found a faded altar of an unknown god.
   590 | D:1      | Found Cot Gyon's Armour Boutique.
   624 | D:1      | Reached XP level 2. HP: 15/15 MP: 3/6
  1307 | D:2      | Reached XP level 3. HP: 19/19 MP: 3/7
  1400 | D:2      | Learned a level 2 spell: Scorch
  1404 | D:2      | Learned a level 3 spell: Inner Flame
  2604 | D:3      | Slain by an iguana

Illustrated notes

Levels and vault maps discovered:
D:1:      scummos_arrival_star, layout_rooms, serial_shops, nicolae_shop_trees,
          ebering_ecumenical_altar_petrified, kennysheep_boxes
D:2:      layout_loops_ring, serial_rivers, chequers_serial_rivers_micro_e,
          chequers_serial_rivers_micro_a, chequers_serial_rivers_large_a,
          chequers_serial_rivers_room_b
D:3:      layout_basic, uniq_ijyb

Skill      XL: |  1  2 |
---------------+-------+-----
Conjurations   | 2 |  2.6
Dodging        | |  2.1
Stealth        | |  2.0
Spellcasting   | |  2.5
Hexes          | |  0.1
Fire Magic     | |  3.8

Action                     || total
---------------------------++-------
  Melee: Peck              ||     3
         Unarmed           ||     1
         Dagger            ||     4
         Falchion          ||     2
         Kick              ||     1
   Cast: Foxfire           ||    64
         Scorch            ||     2
  Dodge: Dodged            ||    15
